 Dungeon Crawl Stone Soup version 0.23.2-40-g277498a001 (webtiles) character file.

Game seed: 9912687128341094167

63330 Cryoshakespeare the Severer (level 15, -15/136 HPs)
             Began as a Hill Orc Fighter on Aug 27, 2019.
             Was the Champion of Beogh.
             Demolished by a very large slime creature (33 damage)
             ... on level 13 of the Dungeon on Aug 29, 2019.
             The game lasted 01:49:35 (25156 turns).

Cryoshakespeare the Severer (Hill Orc Fighter)     Turns: 25156, Time: 01:49:36

Health: -15/136    AC: 27    Str: 24      XL:     15   Next: 9%
Magic:  0/33       EV:  9    Int: 13 (14) God:    Beogh [******]
Gold:   1396       SH: 22    Dex: 18      Spells: 14/14 levels left

rFire    . . .     SeeInvis .   a - +6 broad axe of Dishonesty {pain, rElec MR+ Int+3}
rCold    . . .     Gourm    .   l - +1 large shield
rNeg     . . .     Faith    .   A - +4 chain mail {rC+}
rPois    .         Spirit   +   W - +2 helmet {Int+3}
rElec    +         Reflect  .   L - +1 cloak
rCorr    +         Harm     .   I - +1 pair of gloves of Houne {rC- rCorr Dex+6}
MR       ++...                  K - +2 pair of boots
Stlth    ..........             N - amulet of guardian spirit
HPRegen  0.32/turn              R - ring of magical power
MPRegen  0.23/turn              V - +3 ring of evasion

@: no status effects
A: walk on water
a: Smiting, Recall Orcish Followers, Give Item to Named Follower, Resurrection,
Renounce Religion


You were on level 13 of the Dungeon.
You worshipped Beogh.
Beogh was exalted by your worship.
You were hungry.

You visited 2 branches of the dungeon, and saw 20 of its levels.
You also visited: Gauntlet.

You collected 1448 gold pieces.
You spent 52 gold pieces at shops.

Inventory:

Hand Weapons
 a - the +6 broad axe of Dishonesty (weapon) {pain, rElec MR+ Int+3}
   (You found it on level 3 of the Lair of Beasts)

   In the hands of one skilled in necromantic magic, it inflicts extra damage on
   living creatures.
   It affects your intelligence (+3).
   It insulates you from electricity.
   It affects your resistance to hostile enchantments.
 b - a +1 hand crossbow
Armour
 i - a +1 pair of gloves of archery
 l - a +1 large shield (worn)
 A - a +4 chain mail of cold resistance (worn)
 I - the +1 pair of gloves of Houne (worn) {rC- rCorr Dex+6}
   (You found it in a Gauntlet)

   It affects your dexterity (+6).
   It makes you vulnerable to cold.
   It provides partial protection from all sources of acid and corrosion.
 K - a +2 pair of boots (worn)
 L - a +1 cloak (worn)
 W - a +2 helmet of intelligence (worn)
Jewellery
 e - an uncursed ring of wizardry
 g - a +2 amulet of reflection
 n - an uncursed ring of ice
 J - an uncursed ring of fire
 N - an amulet of guardian spirit (around neck)
 O - an uncursed ring of ice
 R - a ring of magical power (left hand)
 S - an uncursed ring of positive energy
 T - a +6 ring of dexterity {unknown}
 V - a +3 ring of evasion (right hand)
 Y - an uncursed ring of ice
Wands
 u - a wand of paralysis (16)
 B - a wand of enslavement (16)
 C - a wand of digging (13)
 D - a wand of acid (16)
 Q - a wand of disintegration (4)
 U - a wand of iceblast (18)
 X - a wand of flame (63)
Scrolls
 m - 6 scrolls of amnesia
 o - 6 scrolls of enchant armour
 p - 9 scrolls of teleportation
 r - 7 scrolls of remove curse
 t - 5 scrolls of magic mapping
 w - 2 scrolls of blinking
 x - 3 scrolls of fear
 y - 3 scrolls of identify
 G - 2 scrolls of vulnerability
 H - a scroll of silence
 Z - a scroll of fog
Potions
 c - a potion of berserk rage
 d - 2 potions of might
 h - 6 potions of flight
 j - 2 potions of haste
 k - 2 potions of ambrosia
 q - 6 potions of curing
 s - 2 potions of lignification
 v - 2 potions of heal wounds
 z - 4 potions of mutation
 E - a potion of agility
 F - 3 potions of brilliance
 M - 3 potions of invisibility
 P - 2 potions of magic
Comestibles
 f - 48 rations


   Skills:
 * Level 13.2 Fighting
 - Level 18.0 Axes
 + Level 9.8 Armour
 + Level 15.2 Shields
 * Level 12.1 Invocations


You had 14 spell levels left.
You didn't know any spells.
Your spell library contained the following spells:

 Spells                   Type           Power        Failure   Level  Hunger
 Animate Skeleton         Necr           N/A          99%         1    ##.....
 Apportation              Tloc           #.....       99%         1    ##.....
 Beastly Appendage        Tmut           #.....       99%         1    ##.....
 Confusing Touch          Hex            #.....       99%         1    ##.....
 Corona                   Hex            #......      99%         1    ##.....
 Summon Small Mammal      Summ           #...         99%         1    ##.....
 Call Imp                 Summ           #.......     100%        2    ###....
 Poisonous Vapours        Pois/Air       #.....       100%        2    ###....
 Slow                     Hex            #.......     100%        2    ###....
 Sticks to Snakes         Tmut           #.......     100%        2    ###....
 Call Canine Familiar     Summ           #.......     100%        3    ####...
 Confuse                  Hex            #.......     100%        3    ####...
 Conjure Flame            Conj/Fire      #.......     100%        3    ####...
 Gell's Gravitas          Tloc           #.........   100%        3    ####...
 Ignite Poison            Fire/Tmut/Pois #.......     100%        3    ####...
 Inner Flame              Hex/Fire       #.......     100%        3    ####...
 Mephitic Cloud           Conj/Pois/Air  #.......     100%        3    ####...
 Portal Projectile        Hex/Tloc       #.....       100%        3    ####...
 Spider Form              Tmut/Pois      #.........   100%        3    ####...
 Summon Guardian Golem    Hex/Summ       #.......     100%        3    ####...
 Cause Fear               Hex            #.........   100%        4    #####..
 Ice Form                 Ice/Tmut       #.......     100%        4    #####..
 Leda's Liquefaction      Hex/Erth       #.........   100%        4    #####..
 Petrify                  Tmut/Erth      #.......     100%        4    #####..
 Summon Ice Beast         Ice/Summ       #.......     100%        4    #####..
 Summon Lightning Spire   Summ/Air       #.......     100%        4    #####..
 Blade Hands              Tmut           #.........   100%        5    ######.
 Fireball                 Conj/Fire      #.........   100%        5    ######.
 Metabolic Englaciation   Hex/Ice        #.........   100%        5    ######.
 Silence                  Hex/Air        #.........   100%        5    ######.
 Yara's Violent Unravell  Hex/Tmut       #.........   100%        5    ######.
 Bolt of Fire             Conj/Fire      #.........   100%        6    #######
 Conjure Ball Lightning   Conj/Air       #.........   100%        6    #######
 Deflect Missiles         Chrm/Air       #.........   100%        6    #######
 Freezing Cloud           Conj/Ice/Air   #.........   100%        6    #######
 Ring of Flames           Chrm/Fire      #.........   100%        7    #######
 Ignition                 Fire           #.........   100%        8    #######
 Tornado                  Air            #.........   100%        9    #######


Dungeon Overview and Level Annotations

Branches:
Dungeon (14/15)            Temple (0/1) D:4            Lair (6/6) D:10
  Swamp (0/4) Lair:3        Snake (0/4) Lair:2        Slime (0/5) Lair:6
    Orc (0/2) D:9
 Vaults: D:13-14

Altars:
Dithmenos
Elyvilon
Nemelex Xobeh
Ru
Uskayaw
The Shining One
Jiyva

Shops:
D:12 :!

Portals:
Trove: D:11 (lose all piety)

Annotations:
D:4 exclusion: oklob sapling
D:6 1 runed translucent door, 1 exclusion, Crazy Yiuf
Lair:1 exclusion: oklob plant


Message History

You are too injured to fight recklessly!
You swap places.
Ogrik hits the very large slime creature with a +0 trident.
The very large slime creature barely misses Ogrik.
You strike the helpless very large slime creature from behind!
You slash the very large slime creature!
The very large slime creature is severely wounded.
You slice the very large slime creature!!
The very large slime creature is severely wounded.
Ogrik hits the very large slime creature but does no damage.
The very large slime creature closely misses Ogrik.
You slice the very large slime creature!!
The very large slime creature is almost dead.
The very large slime creature hits you!!
* * * LOW HITPOINT WARNING * * *
Ogrik hits the very large slime creature with a +0 trident!
You slash the very large slime creature!
The very large slime creature is almost dead.
The very large slime creature hits you!!!
You die...

#.......#..............#
#.....).................
##.........#............
##...<..#>#......<.....
###..#................
#...................
#.>#####..........##
##.### #............
#.@o# #............
###J# #...........) #.#
##..##....... #..
##..#....... ##.#
.......... .. ..........
...# #........ ....#
#........
..#..###.......


You could see a very large slime creature and the friendly Ogrik the orc high
priest.

Vanquished Creatures
  A minotaur (Gauntlet)
  Josephine (D:10)
  Harold (D:10)
  3 hydras
  A merfolk avatar (Lair:6)
  2 deep elf knights (D:12)
  Sonja (Lair:2)
  A sixfirhy (Gauntlet)
  2 sea snakes (Lair:6)
  2 ugly things
  9 elephants
  8 deep elf magi (D:12)
  A manticore (D:12)
  7 black mambas
  An apocalypse crab (Gauntlet)
  2 minotaur zombies (Gauntlet)
  12 spiny frogs
  A torpor snail (Lair:3)
  9 komodo dragons
  6 rime drakes
  A queen bee (Lair:1)
  A troll (D:12)
  4 hornets
  3 polar bears
  8 slime creatures (D:13)
  2 wind drakes (Lair:6)
  A bog body (Lair:3)
  7 hippogriffs
  13 blink frogs
  A dream sheep (Lair:5)
  A spriggan (D:7)
  15 wyverns
  45 yaks
  A wraith (D:12)
  A human (shapeshifter) (D:13)
  5 basilisks
  3 hungry ghosts
  A naga (Lair:2)
  A steam dragon (D:11)
  Edmund (D:6)
  13 water moccasins
  7 porcupines
  4 orc warriors
  5 ice beasts
  3 phantoms
  2 black bears
  7 ogres
  3 wolves (Lair:3)
  7 centaurs
  10 crocodiles
  3 big kobolds
  8 bullfrogs
  4 scorpions
  24 killer bees
  8 wights
  8 howler monkeys
  4 electric eels
  3 crimson imps
  2 bullfrog zombies
  4 hounds
  2 jellies
  2 orc priests
  10 orc wizards
  2 bullfrog skeletons (D:7)
  6 centaur skeletons
  3 iguanas
  Natasha (thrice) (D:3)
  7 worker ants
  2 hound skeletons
  3 hound zombies
  7 gnolls
  12 adders
  A shadow imp (D:11)
  3 ufetubi (Gauntlet)
  3 oozes
  An adder skeleton (D:7)
  2 worms
  2 dart slugs (D:1)
  A leopard gecko (D:1)
  28 orcs
  A ball python (D:1)
  8 giant cockroaches
  8 goblins
  10 hobgoblins
  7 jackals
  6 quokkas
  A ball python zombie (D:5)
  3 bats
  A frilled lizard (D:3)
  A jackal zombie (D:8)
  33 kobolds
  A leopard gecko skeleton (D:8)
  2 leopard gecko zombies
  6 rats
  4 fungi
  3 plants
510 creatures vanquished.

Vanquished Creatures (collateral kills)
  Fannar (D:10)
  5 hydras
  2 deep elf knights (D:12)
  7 deep elf magi (D:12)
  Joseph (D:9)
  A black mamba (Lair:5)
  A spiny frog (Lair:5)
  A torpor snail (Lair:5)
  A kobold demonologist (D:13)
  A komodo dragon (Lair:2)
  2 slime creatures (D:13)
  3 blink frogs (Lair:5)
  A dream sheep (Lair:5)
  2 hippogriffs (Lair:4)
  3 wraiths (D:10)
  2 basilisks (Lair:4)
  A naga (Lair:2)
  A water moccasin (Lair:2)
  A sky beast (D:10)
  3 orc warriors (D:9)
  A black bear (D:10)
  2 ogres
  A centaur (D:9)
  2 crocodiles (D:10)
  2 bullfrogs
  5 killer bees
  A howler monkey (D:9)
  2 hounds
  2 orc wizards (D:10)
  A leopard gecko (D:10)
  5 orcs
  A quokka (D:9)
  A fungus (D:10)
66 creatures vanquished.

Vanquished Creatures (others)
  An orc knight (D:12)
  2 orc warriors
  2 orc priests
  3 orc wizards
  18 orcs
  A ball python (D:3)
  A bat (D:3)
  A kobold (D:3)
  11 fungi
  19 plants
59 creatures vanquished.

Grand Total: 635 creatures vanquished

Notes
Turn   | Place    | Note
-------+----------+-------------------------------------------
     0 | D:1      | Cryoshakespeare the Hill Orc Fighter began the quest for
                  | the Orb.
     0 | D:1      | Reached XP level 1. HP: 19/19 MP: 1/1
    81 | D:1      | Reached skill level 3 in Axes
   103 | D:1      | Reached XP level 2. HP: 25/26 MP: 2/2
   148 | D:1      | Reached skill level 4 in Axes
   320 | D:1      | Reached XP level 3. HP: 30/31 MP: 3/3
   709 | D:2      | Reached skill level 5 in Axes
  1321 | D:2      | Reached XP level 4. HP: 39/39 MP: 4/4
  1744 | D:2      | Reached skill level 6 in Axes
  2026 | D:3      | Noticed Natasha
  2077 | D:3      | Killed Natasha
  2077 | D:3      | Reached XP level 5. HP: 37/46 MP: 5/5
  2112 | D:3      | Noticed Natasha
  2133 | D:3      | Killed Natasha
  2769 | D:3      | Noticed Natasha
  2780 | D:3      | Killed Natasha
  2780 | D:3      | Reached skill level 7 in Axes
  2881 | D:3      | Paralysed by a kobold for 6 turns
  2898 | D:3      | Reached XP level 6. HP: 36/52 MP: 6/6
  3462 | D:3      | Found a white marble altar of Elyvilon.
  3625 | D:3      | Became a worshipper of Beogh the Brigand
  3982 | D:4      | Noticed a black bear
  3984 | D:4      | Killed a black bear
  3992 | D:4      | Found a staircase to the Ecumenical Temple.
  4000 | D:4      | Noticed a phantom
  4004 | D:4      | Killed a phantom
  4004 | D:4      | Reached XP level 7. HP: 60/60 MP: 7/7
  4237 | D:4      | Reached skill level 5 in Shields
  4730 | D:5      | Entered Level 5 of the Dungeon
  5204 | D:4      | Reached skill level 5 in Armour
  5513 | D:4      | Reached XP level 8. HP: 59/67 MP: 8/8
  5554 | D:5      | Reached skill level 8 in Axes
  5560 | D:5      | Reached skill level 5 in Fighting
  5583 | D:5      | Reached * piety under Beogh
  6036 | D:5      | Reached skill level 9 in Axes
  6436 | D:6      | Reached skill level 10 in Axes
  6436 | D:6      | Reached XP level 9. HP: 71/74 MP: 9/9
  6494 | D:6      | Noticed Edmund
  6504 | D:6      | Killed Edmund
  7298 | D:6      | Found a runed translucent door.
  7299 | D:6      | Noticed Crazy Yiuf
  7554 | D:7      | Reached ** piety under Beogh
  7571 | D:6      | Reached skill level 11 in Axes
  7571 | D:6      | Reached skill level 1 in Invocations
  7820 | D:7      | Reached skill level 10 in Shields
  7982 | D:7      | Reached XP level 10. HP: 83/83 MP: 11/11
  8311 | D:7      | Found a sparkling altar of Nemelex Xobeh.
  8878 | D:8      | Found a hide-covered altar of Uskayaw.
  9690 | D:8      | Found a glowing golden altar of the Shining One.
 10038 | D:9      | Reached skill level 12 in Axes
 10044 | D:9      | Reached *** piety under Beogh
 10391 | D:9      | Found a sacrificial altar of Ru.
 10462 | D:9      | Found a staircase to the Orcish Mines.
 10482 | D:9      | Found a sparkling altar of Nemelex Xobeh.
 10482 | D:9      | Found a shadowy altar of Dithmenos.
 10570 | D:9      | Noticed Joseph
 10584 | D:9      | Killed Joseph
 10644 | D:9      | Reached skill level 5 in Invocations
 10758 | D:10     | Entered Level 10 of the Dungeon
 10773 | D:10     | Reached XP level 11. HP: 92/92 MP: 14/14
 10820 | D:10     | Noticed Fannar
 10840 | D:10     | Killed Fannar
 10840 | D:10     | Reached skill level 13 in Axes
 11008 | D:10     | Got a jewelled long sword
 11016 | D:10     | Identified the cursed +1 long sword of Mandamus {distort,
                  | Str+3} (You found it on level 10 of the Dungeon)
 11179 | D:10     | Found a staircase to the Lair.
 11286 | D:10     | Noticed Josephine
 11297 | D:10     | Killed Josephine
 11298 | D:10     | Reached **** piety under Beogh
 11312 | D:10     | Noticed Harold
 11331 | D:10     | Killed Harold
 11476 | Lair:1   | Entered Level 1 of the Lair of Beasts
 11485 | Lair:1   | Reached skill level 14 in Axes
 11536 | Lair:1   | You fall through a shaft!
 11536 | Lair:2   | Found a gate leading to a gauntlet.
 11536 | Lair:2   | Noticed a four-headed hydra
 11541 | Gauntlet | Entered a Gauntlet
 11541 | Gauntlet | Found a large runed translucent door.
 11541 | Gauntlet | Found a large runed translucent door.
 11541 | Gauntlet | Found a large runed translucent door.
 11541 | Gauntlet | Found a large runed translucent door.
 11541 | Gauntlet | Found a large runed translucent door.
 11541 | Gauntlet | Found a large runed translucent door.
 11541 | Gauntlet | Found a large runed translucent door.
 11541 | Gauntlet | Found a large runed translucent door.
 11541 | Gauntlet | Found a runed translucent door.
 11541 | Gauntlet | Found a runed translucent gate.
 11541 | Gauntlet | Found a transporter.
 11541 | Gauntlet | Found a transporter.
 11541 | Gauntlet | Found a runed translucent gate.
 11541 | Gauntlet | Found a transporter.
 11541 | Gauntlet | Noticed a tengu warrior
 11542 | Gauntlet | Found a runed translucent door.
 11542 | Gauntlet | Found a runed translucent gate.
 11545 | Gauntlet | Found a transporter.
 11550 | Gauntlet | Found a large runed translucent door.
 11550 | Gauntlet | Found a large runed translucent door.
 11551 | Gauntlet | Found a large runed translucent door.
 11552 | Gauntlet | Found a large runed translucent door.
 11558 | Gauntlet | Found a transporter.
 11562 | Gauntlet | Found a transporter.
 11562 | Gauntlet | Noticed a sixfirhy
 11575 | Gauntlet | Found a transporter.
 11623 | Gauntlet | Found a large runed translucent door.
 11623 | Gauntlet | Found a large runed translucent door.
 11624 | Gauntlet | Found a large runed translucent door.
 11625 | Gauntlet | Found a large runed translucent door.
 11661 | Gauntlet | Found a transporter.
 11665 | Gauntlet | Found a transporter.
 11675 | Gauntlet | Found a transporter.
 11679 | Gauntlet | Found a transporter.
 11689 | Gauntlet | Found a transporter.
 11778 | Gauntlet | Paralysed by a hornet for 3 turns
 11918 | Gauntlet | Killed a sixfirhy
 12092 | Gauntlet | Got a pair of distressingly furry gloves
 12105 | Gauntlet | Identified the +1 pair of gloves of Houne {rC- rCorr Dex+6}
                  | (You found it in a Gauntlet)
 12144 | Gauntlet | Noticed a minotaur
 12156 | Gauntlet | Killed a minotaur
 12498 | Lair:2   | Noticed a six-headed hydra
 12578 | Lair:2   | Noticed a five-headed hydra
 13115 | Lair:1   | Reached XP level 12. HP: 89/100 MP: 16/16
 13260 | Lair:1   | Reached skill level 15 in Axes
 14175 | Lair:2   | Killed a 14-headed hydra
 14459 | Lair:2   | Noticed Sonja
 14475 | Lair:2   | Killed Sonja
 14560 | Lair:2   | Found a staircase to the Snake Pit.
 14807 | Lair:2   | Killed a 17-headed hydra
 14957 | Lair:2   | Killed a four-headed hydra
 15305 | Lair:3   | Got a twisted broad axe
 15306 | Lair:3   | Identified the +6 broad axe of Dishonesty {pain, rElec MR+
                  | Int+3} (You found it on level 3 of the Lair of Beasts)
 15696 | Lair:3   | Found a staircase to the Swamp.
 15711 | Lair:3   | Reached ***** piety under Beogh
 15859 | Lair:3   | Noticed Urug
 16640 | Lair:4   | Reached skill level 16 in Axes
 16993 | Lair:4   | Reached XP level 13. HP: 107/110 MP: 19/19
 17657 | Lair:4   | Gained Wargath as an ally
 17680 | Lair:4   | Reached skill level 10 in Invocations
 17697 | Lair:4   | Reached skill level 10 in Fighting
 18582 | Lair:5   | Reached skill level 17 in Axes
 19357 | Lair:6   | Entered Level 6 of the Lair of Beasts
 19480 | Lair:6   | Reached ****** piety under Beogh
 19502 | Lair:6   | Reached XP level 14. HP: 98/122 MP: 21/21
 19863 | Lair:6   | Gained Wargath as an ally
 19966 | Lair:6   | Your ally Wargath died
 20647 | Lair:6   | Found a staircase to the Slime Pits.
 20651 | Lair:6   | Found a viscous altar of Jiyva.
 21565 | D:11     | Found a portal to a secret trove of treasure.
 21918 | D:11     | Gained Ogrik as an ally
 22375 | D:12     | Found Koateliori's Book Shoppe.
 22412 | D:12     | Found Cusmailebu's Distillery.
 22424 | D:12     | Bought a potion of lignification for 39 gold pieces
 22424 | D:12     | Bought a potion of degeneration for 13 gold pieces
 22450 | D:12     | Reached skill level 18 in Axes
 22789 | D:12     | You fall through a shaft for 2 floors!
 23166 | D:12     | Reached skill level 15 in Shields
 23622 | D:12     | Identified the +7 morningstar "Ruis" {freeze, rF+} (You
                  | found it on level 12 of the Dungeon)
 24524 | D:13     | Reached XP level 15. HP: 134/134 MP: 24/24
 25156 | D:13     | Demolished by a very large slime creature

Skill      XL: |  1  2  3  4  5  6  7  8  9 10 11 12 13 14 15 |
---------------+----------------------------------------------+-----
Axes           | 3 4 5 6 7 10 11 12 14 16 17 18 | 18.0
Fighting       | 4 5 7 8 10 12 13 | 13.2
Armour         | 4 5 7 8 9 |  9.8
Shields        | 4 6 8 10 11 12 13 14 15 | 15.2
Invocations    | 2 5 6 8 10 12 | 12.1

Action                   |  1- 3 |  4- 6 |  7- 9 | 10-12 | 13-15 || total
-------------------------+-------+-------+-------+-------+-------++-------
Melee: War axe           |   113 |   138 |    41 |       |       ||   292
       Broad axe         |       |       |   374 |   836 |   764 ||  1974
Throw: Stone             |    15 |       |       |       |       ||    15
Invok: Convert to Beogh  |       |     1 |       |       |       ||     1
       Smiting           |       |       |     1 |     5 |       ||     6
       Recall Orcish Fol |       |       |       |     3 |     7 ||    10
       Stop Recall       |       |       |       |       |     4 ||     4
Evoke: Wand              |       |       |       |     3 |     3 ||     6
  Use: Potion            |       |     1 |     1 |     4 |       ||     6
       Scroll            |       |       |    12 |     7 |    11 ||    30
 Stab: Distracted        |       |       |       |     4 |     6 ||    10
  Eat: Chunk             |     1 |     9 |    12 |    19 |    17 ||    58
       Ration            |       |       |     1 |     3 |     3 ||     7
Armor: Scale mail        |    44 |    39 |       |       |       ||    83
       Chain mail        |       |    11 |   144 |    19 |    89 ||   263
       Plate armour      |       |       |       |   358 |   166 ||   524
Dodge: Dodged            |    32 |    45 |    51 |   162 |   153 ||   443
Block: Shield            |    52 |    49 |       |       |       ||   101
       Large shield      |       |    22 |   336 |   865 |   692 ||  1915
